 Dungeon Crawl Stone Soup version 0.28.0-53-g5a82cb258f (webtiles) character file.

Game seed: 2192680339055750815

69 Jerry the Chucker (level 4, 0/42 HPs)
             Began as a Troll Hunter on June 23, 2022.
             Slain by a gnoll
             ... wielding a +1 spear of venom
              (4 damage)
             ... on level 3 of the Dungeon.
             The game lasted 00:03:25 (1283 turns).

Jerry the Chucker (Troll Hunter)                    Turns: 1283, Time: 00:03:26

Health: 0/42       AC:  4    Str: 20    XL:     4   Next: 2%
Magic:  3/3        EV: 10    Int:  7    God:
Gold:   83         SH:  0    Dex: 12    Spells: 3/3 levels left

rFire   . . .      SeeInvis .   h - +0 whip
rCold   . . .      Faith    .   (no shield)
rNeg    . . .      Spirit   .   b - +0 robe
rPois   .          Reflect  .   (helmet restricted)
rElec   .          Harm     .   (no cloak)
rCorr   .          Rampage  .   (gloves unavailable)
Will    .....                   (boots unavailable)
Stlth   +.........              (no amulet)
HPRegen 0.94/turn               (no ring)
MPRegen 0.08/turn               (no ring)

@: lethally poisoned (0 -> -1)
A: large, unfitting armour, claws 3, regeneration 1, shaggy fur 1, tough skin 1
a: no special abilities


You were on level 3 of the Dungeon.
You visited 1 branch of the dungeon, and saw 3 of its levels.

You collected 83 gold pieces.

Inventory:

Hand Weapons
 h - a +0 whip (weapon)
Missiles
 c - 5 large rocks (quivered)
 d - 3 throwing nets
Armour
 b - a +0 robe (worn)
Scrolls
 a - a scroll of teleportation {unknown}
 e - a scroll of enchant weapon {unknown}
 g - a scroll of fog {unknown}
 j - 3 scrolls of vulnerability {unknown}
 k - 2 scrolls of brand weapon {unknown}
 l - 3 scrolls of identify {unknown}
 m - a scroll of enchant armour {unknown}
Potions
 f - 3 potions of curing {unknown}
 i - 2 potions of attraction {unknown}
 n - a potion of flight {unknown}


   Skills:
 + Level 2.1 Fighting
 * Level 2.0 Maces & Flails
 + Level 3.9 Throwing
 + Level 2.1 Dodging
 - Level 0.3 Stealth


You had 3 spell levels left.
You didn't know any spells.
Your spell library contained the following spells:

 Spells                   Type           Power      Damage    Failure   Level
 Fireball                 Conj/Fire      0%         3d3       100%        5
 Iskenderun's Battlesphe  Conj           0%         2d6       100%        5
 Conjure Ball Lightning   Conj/Air       0%         3x3d6     100%        6
 Orb of Destruction       Conj           0%         9d5       100%        7


Dungeon Overview and Level Annotations

Branches:
Dungeon (3/15)

Altars:

Annotations:
D:2 1 runed translucent door, Crazy Yiuf


Innate Abilities, Weirdness & Mutations

You are too large for most types of armour.
You have claws for hands.
Your natural rate of healing is unusually fast.
You are covered in fur. (AC +1)
You have tough skin. (AC +1)


Message History

2 gnolls come into view.
The gnoll shouts! x2
The gnoll hits you from afar with a +0 halberd.
You hit the gnoll.
The gnoll is moderately wounded.
A gnoll comes into view. It is wielding a +1 spear of venom.
The gnoll completely misses you.
The gnoll hits you from afar with a +0 halberd!
You barely miss the gnoll.
The gnoll is moderately wounded.
The gnoll hits you with a +0 club.
You hit the gnoll.
The gnoll is moderately wounded.
The gnoll barely misses you.
You hit the gnoll but do no damage.
The gnoll is moderately wounded.
The gnoll hits you but does no damage. The gnoll barely misses you.
You hit the gnoll.
The gnoll is severely wounded.
The gnoll hits you with a +0 club.
The gnoll hits you from afar with a +1 spear of venom.
You hit the gnoll.
You kill the gnoll!
The gnoll closely misses you.
Your Maces & Flails skill increases to level 2!
You have reached level 4!
There is a stone staircase leading up here.
The gnoll hits you with a +1 spear of venom.
You hit the gnoll but do no damage. The gnoll misses you.
The gnoll barely misses you.
You barely miss the gnoll.
The gnoll hits you with a +1 spear of venom.
You are poisoned.
The gnoll hits you from afar with a +0 halberd!
You hit the gnoll but do no damage.
You feel sick. The gnoll barely misses you.
The gnoll hits you from afar with a +0 halberd!
* * * LOW HITPOINT WARNING * * *
You feel sick.
The gnoll hits you with a +1 spear of venom.
You die...

#.......#
#.#.##..#
#.#..# .#
#.#.... #
#.#####.#
#.......#
#.......#
#g####.##
#.#@.# #
#.g..#
######


You could see a gnoll.

Vanquished Creatures
  A gnoll (D:3)
  An adder (D:2)
  An ufetubus (D:2)
  A dart slug (D:2)
  A ball python (D:1)
  6 endoplasms
  6 goblins
  4 hobgoblins
  6 quokkas
  5 bats
  5 kobolds
37 creatures vanquished.

Notes
Turn   | Place    | Note
-------+----------+-------------------------------------------
     0 | D:1      | Jerry the Troll Hunter began the quest for the Orb.
     0 | D:1      | Reached XP level 1. HP: 19/19 MP: 0/0
   112 | D:1      | Reached XP level 2. HP: 27/28 MP: 1/1
   213 | D:1      | Reached skill level 1 in Maces & Flails
   694 | D:2      | Reached XP level 3. HP: 33/35 MP: 2/2
   940 | D:2      | Found a faded altar of an unknown god.
  1125 | D:2      | Found a runed translucent door.
  1126 | D:2      | Noticed Crazy Yiuf
  1268 | D:3      | Reached XP level 4. HP: 23/42 MP: 3/3
  1283 | D:3      | Slain by a gnoll

Illustrated notes

Levels and vault maps discovered:
D:1:      nzn_arrival_settlement, layout_basic, amcnicky_mini_pool_small,
          minmay_tetromino_l4
D:2:      layout_rooms, shapermc_ecumenical_altar_acropolis,
          kennysheep_generic_room_10, uniq_crazy_yiuf_cottage
D:3:      layout_basic, serial_shops, shop

Skill      XL: |  1  2  3 |
---------------+----------+-----
Maces & Flails | 1 2 |  2.0
Fighting       | 2 |  2.1
Dodging        | 2 |  2.1
Throwing       | |  3.9
Stealth        | |  0.3

Action                   |  1- 3 |  4- 6 || total
-------------------------+-------+-------++-------
Melee: Whip              |   188 |     3 ||   191
       Punch             |     3 |       ||     3
Throw: Large rock        |     1 |       ||     1
Armor: Robe              |    68 |       ||    68
Dodge: Dodged            |   129 |     3 ||   132
